 Dungeon Crawl Stone Soup version 0.32-a0-33-g74fbe469d6 (webtiles) character file.

Game seed: 13975400575505571192

8889 Curundu the Cleaver (level 11, -22/153 HPs)
             Began as a Minotaur Berserker on Jan 21, 2024.
             Was an Elder of Trog.
             Annihilated by an orc warlord
             ... wielding a +1 heavy dire flail
              (27 damage)
             ... on level 9 of the Dungeon.
             The game lasted 00:32:27 (7333 turns).

Curundu the Cleaver (Minotaur Berserker)            Turns: 7333, Time: 00:32:28

Health: -22/153    AC: 25    Str: 29    XL:     11   Next: 15%
Magic:  10/10      EV: 12    Int:  4    God:    Trog [****..]
Gold:   514        SH:  4    Dex: 16    Spells: 10/10 levels left

rFire   . . .        f - +8 hammer of the Fortifying Firefly {heavy, rElec rPois rC- Dex+5}
rCold   x . .        j - +0 buckler
rNeg    . . .        n - +5 plate armour "Ytauf" {Str+4 Slay+2}
rPois   +            (helmet restricted)
rElec   +            i - +2 cloak {rPois}
rCorr   .            (no gloves)
SInv    .            D - +1 pair of boots
Will    ++...        (no amulet) Stlth
                     s - +4 ring of slaying
HPRegen 1.45/turn    (no ring)
MPRegen 0.12/turn

%: no passive effects
@: berserking, strong-willed, regenerating, very quick
A: horns 2, retaliatory headbutt
a: Renounce Religion, Berserk, Trog's Hand, Brothers in Arms


You were on level 9 of the Dungeon.
You worshipped Trog.
Trog was greatly pleased with you.
You visited 2 branches of the dungeon, and saw 10 of its levels.

You collected 524 gold pieces.
You spent 10 gold pieces at shops.

Inventory:

Hand Weapons
 f - the +8 hammer of the Fortifying Firefly (weapon) {heavy, rElec rPois rC- Dex+5}
   (You found it on level 4 of the Dungeon)

   Dex+5:     It affects your dexterity (+5).
   rC-:       It makes you vulnerable to cold.
   rElec:     It insulates you from electricity.
   rPois:     It protects you from poison
 o - a +5 heavy hand axe
Missiles
 g - 12 boomerangs (quivered)
 p - a throwing net
 v - 5 javelins
Armour
 i - a +2 cloak of poison resistance (worn)
 j - a +0 buckler (worn)
 n - the +5 plate armour "Ytauf" (worn) {Str+4 Slay+2}
   (You acquired it on level 2 of the Dungeon)

   Str+4:     It affects your strength (+4).
   Slay+2:    It affects your accuracy & damage with ranged weapons and melee
   (+2).
 D - a +1 pair of boots (worn)
Jewellery
 s - a +4 ring of slaying (left hand)
 u - a ring of ice
 w - a ring of fire
 z - a ring of fire
Wands
 r - a wand of flame (20)
 A - a wand of paralysis (9)
 C - a wand of iceblast (6)
Scrolls
 h - 4 scrolls of fog
 t - 5 scrolls of teleportation
 x - a scroll of immolation
 y - a scroll of revelation
 B - a scroll of identify
 E - a scroll of poison
Potions
 a - a potion of might {unknown}
 b - a potion of mutation {unknown}
 c - a potion of brilliance {unknown}
 d - 3 potions of curing
 e - a potion of cancellation {unknown}
 k - 3 potions of heal wounds
 l - a potion of resistance {unknown}
 m - 5 potions of magic
 q - a potion of haste {unknown}


   Skills:
 + Level 11.1 Fighting
 + Level 11.1 Axes
 + Level 10.7 Armour
 + Level 9.8 Dodging


You had 10 spell levels left.
You didn't know any spells.
Your spell library was empty.

Dungeon Overview and Level Annotations

Branches:
Dungeon (9/15)             Temple (0/1) D:5             Orc (1/2) D:9
   Lair: D:8-11

Altars:
Ashenzari
Cheibriados
Elyvilon
Fedhas
Nemelex Xobeh
The Shining One

Shops:
D:6 *


Innate Abilities, Weirdness & Mutations

You have a pair of horns on your head.
You reflexively headbutt those who attack you in melee.


Message History

The orc warlord hits you with a +1 heavy dire flail.
You sock the orc warlord!
The orc warlord is lightly wounded.
The orc hits you but does no damage. The orc closely misses you.
The orc warrior hits you but does no damage.
The orc warlord hits you with a +1 heavy dire flail!!
The orc hits you with a +0 hand axe. You block the orc's attack.
The orc warrior hits you with a +0 morningstar.
You hit the orc warlord but do no damage.
The orc warlord is lightly wounded.
The orc barely misses you. The orc closely misses you. You furiously retaliate!
You headbutt the orc.
You kill the orc!
Trog accepts your kill. The orc warrior barely misses you.
You furiously retaliate!
You headbutt the orc warrior!
The orc warlord hits you but does no damage.
You closely miss the orc warlord. Your headbutt misses the orc warlord.
The orc warlord is lightly wounded.
You block the orc's attack.
The orc warrior hits you with a +0 morningstar!
The orc warlord hits you with a +1 heavy dire flail!
* * * LOW HITPOINT WARNING * * *
The orc hits you but does no damage. The orc warrior closely misses you.
A red film seems to cover your vision as you go berserk!
You feel yourself moving faster!
You feel mighty! You block the orc's attack.
The orc warrior closely misses you.
You barely miss the orc warlord.
The orc warlord is lightly wounded.
The orc warlord hits you with a +1 heavy dire flail!!
* * * LOW HITPOINT WARNING * * *
The orc closely misses you. You furiously retaliate!
You headbutt the orc!!
You kill the orc!
Trog accepts your kill. The orc warrior completely misses you.
You are too berserk!
You sock the orc warlord!
The orc warlord is lightly wounded.
The orc warlord hits you with a +1 heavy dire flail!!
You die...

##......#.....####......>.
#..#...#.......##........
##..#...##.....####.......
#.....#####.......#.......
#.....# #....#.....##...
#.)<#.#######.###....##.##
#...#.#8...8###........###
##..#.#))...#.#.####....#
#...#.[)o@).#...###.....##
##..#)#(.o..#.....#......#
#.##.#8...8#...#...#...##
#..#.########......##.##
##...# ##.....#######
##### #........#
###.....## #..#### ####


You could see an orc warlord and an orc warrior (strong).

Vanquished Creatures
  The ghost of jasper the Severer, a novice HOCA of Ignis (D:9)
  A two-headed ogre (D:8)
  A manticore (D:9)
  The ghost of osoart the Ducker, a novice DrGl of Okawaru (D:6)
  A gargoyle (D:9)
  A troll (D:9)
  Sigmund (D:4)
  A shadow (D:9)
  A wraith (D:5)
  A warg (D:9)
  Edmund (D:4)
  Duvessa (D:5)
  2 water moccasins
  5 orc warriors
  A black bear (D:6)
  6 ice beasts
  2 sky beasts
  5 ogres
  2 centaurs (D:8)
  A phantom (D:5)
  6 kobold brigands
  3 gnoll sergeants (D:9)
  6 scorpions
  6 bullfrogs
  11 wights
  Dowan (D:5)
  9 killer bees
  4 howler monkeys
  A jelly (D:7)
  Crazy Yiuf (D:4)
  2 bombardier beetles
  3 hounds
  4 orc priests
  A gnoll bouda (D:5)
  Ijyb (D:5)
  A sleepcap (D:8)
  3 iguanas
  4 orc wizards
  A bullfrog simulacrum (D:6)
  25 gnolls
  9 adders
  3 white imps (D:6)
  A dart slug (D:3)
  A ribbon worm (D:2)
  32 orcs
  3 bats
  9 endoplasms
  4 giant cockroaches
  7 goblins
  8 hobgoblins
  11 jackals
  6 quokkas
  4 ball pythons (D:1)
  3 frilled lizards
  15 kobolds
  7 rats
252 creatures vanquished.

Notes
Turn   | Place    | Note
-------+----------+-------------------------------------------
     0 | D:1      | Curundu the Minotaur Berserker began the quest for the Orb.
     0 | D:1      | Reached XP level 1. HP: 19/19 MP: 0/0
   158 | D:1      | Reached XP level 2. HP: 23/27 MP: 1/1
   344 | D:1      | Reached ** piety under Trog
   413 | D:1      | Reached XP level 3. HP: 33/33 MP: 2/2
   742 | D:1      | You fall into a shaft and drop 1 floor!
  1223 | D:2      | Reached XP level 4. HP: 32/40 MP: 3/3
  1485 | D:2      | Identified a scroll of acquirement
  1485 | D:2      | Acquired the +5 plate armour "Ytauf" {Str+4 Slay+2}
  1518 | D:3      | Reached *** piety under Trog
  1727 | D:3      | Identified the +6 falchion of Plunder {flame, Str+3}
  1797 | D:3      | Reached XP level 5. HP: 47/47 MP: 4/4
  2142 | D:4      | Noticed Edmund
  2151 | D:4      | Killed Edmund
  2152 | D:4      | Reached skill level 5 in Fighting
  2152 | D:4      | Reached skill level 5 in Axes
  2152 | D:4      | Reached XP level 6. HP: 56/56 MP: 5/5
  2204 | D:4      | Found a snail-covered altar of Cheibriados.
  2299 | D:4      | Found a runed translucent door.
  2300 | D:4      | Noticed Crazy Yiuf
  2310 | D:4      | Killed Crazy Yiuf
  2315 | D:4      | Identified the +8 hammer of the Fortifying Firefly {heavy,
                  | rElec rPois rC- Dex+5}
  2742 | D:4      | Reached skill level 5 in Armour
  2742 | D:4      | Reached XP level 7. HP: 62/62 MP: 6/6
  2823 | D:4      | Noticed Sigmund
  2830 | D:4      | Killed Sigmund
  2831 | D:4      | Reached skill level 5 in Dodging
  3112 | D:4      | Acquired 983 gold pieces
  3114 | D:5      | Entered Level 5 of the Dungeon
  3120 | D:5      | Noticed Duvessa
  3120 | D:5      | Noticed Dowan
  3128 | D:5      | Killed Duvessa
  3129 | D:5      | Reached XP level 8. HP: 71/71 MP: 7/7
  3133 | D:5      | Killed Dowan
  3291 | D:5      | Found a staircase to the Ecumenical Temple.
  3314 | D:5      | Noticed Ijyb
  3329 | D:5      | Killed Ijyb
  3408 | D:5      | Found a white marble altar of Elyvilon.
  3849 | D:6      | Reached XP level 9. HP: 68/81 MP: 8/8
  3889 | D:6      | Found Zioshrefau's CLEARANCE SALE!.
  3908 | D:6      | Bought a scroll of identify for 10 gold pieces
  3974 | D:6      | Reached **** piety under Trog
  4053 | D:6      | Noticed osoart's ghost (novice DrGl)
  4138 | D:6      | Found a runed translucent gate.
  4138 | D:6      | Found a runed translucent gate.
  4138 | D:6      | Found a runed translucent gate.
  4263 | D:6      | Killed osoart's ghost
  5200 | D:8      | Noticed a two-headed ogre
  5212 | D:8      | Killed a two-headed ogre
  5213 | D:8      | Reached XP level 10. HP: 32/91 MP: 9/9
  5745 | D:9      | Noticed a manticore
  5759 | D:9      | Killed a manticore
  5760 | D:9      | Reached skill level 10 in Fighting
  5760 | D:9      | Reached skill level 10 in Axes
  5896 | D:9      | Found a blossoming altar of Fedhas.
  5896 | D:9      | Found a broken altar of Ashenzari.
  5900 | D:9      | Found a sparkling altar of Nemelex Xobeh.
  5900 | D:9      | Found a glowing golden altar of the Shining One.
  6078 | D:9      | Found a runed translucent door.
  6082 | D:9      | Noticed jasper's ghost (novice HOCA)
  6111 | D:9      | Reached skill level 10 in Armour
  6120 | D:9      | Reached ***** piety under Trog
  6317 | D:9      | Found a flagged portal.
  6530 | D:9      | Noticed a gargoyle
  6535 | D:9      | Killed a gargoyle
  6604 | D:9      | Found a staircase to the Orcish Mines.
  6628 | D:9      | Reached XP level 11. HP: 95/100 MP: 10/10
  6912 | D:9      | Killed jasper's ghost
  7297 | Orc:1    | Entered Level 1 of the Orcish Mines
  7297 | Orc:1    | Noticed an orc warlord
  7297 | Orc:1    | Noticed an orc sorcerer
  7332 | D:9      | HP: 4/153 [orc warlord/+1 heavy dire flail (28)]
  7333 | D:9      | Annihilated by an orc warlord

Illustrated notes

Levels and vault maps discovered:
D:1:      dpeg_arrival_water_temple_mockup, layout_basic
D:2:      layout_loops_ring, kennysheep_cross_bottleneck
D:3:      layout_basic, minmay_unequal
D:4:      layout_gridville, chei_slow_surprise, minmay_misc_feat_cross,
          st_stairs_14, uniq_sigmund, uniq_edmund, uniq_crazy_yiuf_cottage
D:5:      layout_cave_pools, nicolae_elyvilon_peaceful_grove,
          minmay_temple_entry_drinking_statues, uniq_duvessa, uniq_ijyb
D:6:      layout_rooms, gammafunk_ghost_icy, nicolae_shop_clearance
D:7:      layout_loops_ring
D:8:      layout_rooms, minmay_misc_feat_room
D:9:      layout_cave_pools, grunt_temple_overflow_open,
          kennysheep_orc_monster_closet_entryway, ebering_ghost_reflecting_pool,
          enter_bailey_7
Orc:1:    layout_caves, nicolae_orc_crystal_seam

Skill      XL: |  1  2  3  4  5  6  7  8  9 10 11 |
---------------+----------------------------------+-----
Fighting       | 4 5 6 7 9 10 11 | 11.1
Axes           | 4 5 6 7 9 10 11 | 11.1
Armour         | 3 4 5 6 7 9 10 | 10.7
Dodging        | 3 4 5 6 8 9 |  9.8

Action                     |  1- 3 |  4- 6 |  7- 9 | 10-12 || total
---------------------------+-------+-------+-------+-------++-------
  Melee: Hand axe          |   107 |    66 |       |       ||   173
         Headbutt          |    16 |    13 |    24 |    21 ||    74
         Punch             |     1 |     1 |       |       ||     2
         Mace              |       |    10 |   137 |   116 ||   263
  Throw: Javelin           |       |       |       |     5 ||     5
         Boomerang         |       |       |       |     3 ||     3
 Invoke: Trog's Hand       |       |     3 |     7 |     5 ||    15
         Berserk           |       |     2 |     1 |     3 ||     6
    Use: Scroll            |       |     6 |     8 |     3 ||    17
 Armour: Scale mail        |    84 |     3 |       |       ||    87
         Plate armour      |       |    58 |   182 |   208 ||   448
  Dodge: Dodged            |    55 |    43 |   105 |   152 ||   355
  Block: Buckler           |       |       |    18 |    59 ||    77

Table legend: (Time is in decaauts)
 A = Elapsed time spent in this place.
 B = Non-inter-level travel time spent in this place.
 C = Inter-level travel time spent in this place.
 D = Time resting spent in this place.
 E = Time spent auto-exploring this place.
 F = Levels seen in this place.
 G = Mean time per level.
                   A        B        C        D        E       F      G
               +--------+--------+--------+--------+--------+-----+--------+
         Total |   7585 |   7585 |      0 |    517 |   4870 |  10 |  758.5 |
       Dungeon |   7574 |   7574 |      0 |    517 |   4870 |   9 |  841.6 |
  Orcish Mines |     10 |     10 |      0 |      0 |      0 |   1 |   10.0 |
               +--------+--------+--------+--------+--------+-----+--------+

Top non-repeatable levels by time:
     D:9: 1673 daAuts
     D:4: 1038 daAuts
     D:2: 765 daAuts
     D:8: 752 daAuts
     D:1: 748 daAuts
     D:7: 678 daAuts
     D:5: 663 daAuts
     D:6: 647 daAuts
     D:3: 607 daAuts
   Orc:1: 10 daAuts
